[Event "*** SCC Grand Prix: Titled Tuesday Blitz"]
[Site "Chess.com"]
[Date "2020.06.02"]
[Round "3"]
[White "Maghalashvili"]
[Black "zmeeed67"]
[Result "1-0"]
[WhiteElo "2774"]
[BlackElo "2440"]
[TimeControl "180+1"]
[EndTime "10:29:44 PDT"]
[Termination "Maghalashvili won on time"]

1. Nf3 d5 2. g3 Nf6 3. Bg2 c5 4. O-O Nc6 5. d4 Bg4 6. c4 Bxf3 7. Bxf3 cxd4 8. cxd5 Nxd5 9. Nd2 e6 10. Qb3 Nb6 11. Nc4 Be7 12. Bf4 O-O 13. Rac1 Rc8 14. Rfd1 Nxc4 15. Rxc4 e5 16. Bxc6 exf4 17. Rcxd4 Qb6 18.
Qxb6 axb6 19. Bxb7 Rc2 20. R4d2 Rxd2 21. Rxd2 fxg3 22.
hxg3 Rd8 23. Rc2 Kf8 24. e4 Bc5 25. Bd5 Ke7 26. a3 f6 27. b4 Bd6 28. Rc6 Rb8 29.
Kf1 b5 30. Ra6 Rc8 31. Ra5 Rc3 32. Rxb5 Rxa3 33. Rb7+ Kf8 34. Rf7+ Ke8 35. Rxg7 Bxb4 36. Rxh7 Bc3 37. Rc7 Ra1+ 38. Kg2 Bd4 39. Rc2 Ra4 40. f4 Ke7 41. Kf3 Ra3+ 42. Kg4 Bg1 43. Rg2 Be3 44.
Kf5 Bd4 45. g4 Be3 46. Rc2 Ra1 47. Rc7+ Kd8 48. Rc3 Bd4 49. Rd3 Bb2 50. Rf3 Ke7 51. g5 fxg5 52. Kxg5 Rg1+ 53. Kf5 Rh1 54. e5 Bd4 55.
Rd3 Bf2 56. Bxh1 1-0

[Event "*** SCC Grand Prix: Titled Tuesday Blitz"]
[Site "Chess.com"]
[Date "2020.06.02"]
[Round "3"]
[White "ChessicallyInclined"]
[Black "MIJUAREZ"]
[Result "1-0"]
[WhiteElo "2532"]
[BlackElo "2340"]
[TimeControl "180+1"]
[EndTime "10:29:45 PDT"]
[Termination "ChessicallyInclined won on time"]

1. d4 d5 2. c4 c6 3. Nf3 Nf6 4. e3 a6 5. c5 Bg4 6. h3 Bh5 7. Be2 Nbd7 8. Nbd2 Qc7 9. O-O e5 10. dxe5 Nxe5 11. Nxe5 Qxe5 12. Bxh5 Qxh5 13. Qc2 Be7 14. b3 O-O 15. Bb2 Rfe8 16. Rad1 a5 17. a3 Nd7 18. b4 axb4 19. axb4 Qh4 20. Bc3 Bf6 21.
Nb3 Ra3 22. Bxf6 Nxf6 23. Nd4 Rea8 24. b5 Ra2 25. Qf5 g6 26. Qf3 cxb5 27. Nxb5 Rc2 28. Rc1 Raa2 29. Nc3 Rxc1 30. Rxc1 Rd2 31. Rb1 Ne4 32.
Nxe4 dxe4 33. Qf4 Qxf4 34. exf4 Rc2 35. Rxb7 Rxc5 36. Re7 Rc1+ 37. Kh2 Rc4 38. g4 Kf8 39. Ra7 Rc3 40. Ra4 e3 41. fxe3 Rxe3 42. Kg2 h6 43.
Ra6 Kg7 44. Ra7 Rc3 45. Ra5 Rd3 46. Rb5 Rd7 47. Kg3 f6 48. Kh4 Rd3 49. Rb7+ Kf8 50. f5 gxf5 51. gxf5 Rf3 52. Kg4 Rf2 53. h4 Rg2+ 54.
Kh5 Rf2 55. Kg6 Rg2+ 56. Kxf6 Ke8 57. Rb8+ Kd7 58. Rh8 Rf2 59. Rxh6 Ke8 60. Rh8+ Kd7 61. h5 Rh2 62. h6 Rh4 63. h7 1-0

[Event "*** SCC Grand Prix: Titled Tuesday Blitz"]
[Site "Chess.com"]
[Date "2020.06.02"]
[Round "3"]
[White "bmt011"]
[Black "DanielTitichoca"]
[Result "0-1"]
[WhiteElo "2066"]
[BlackElo "2312"]
[TimeControl "180+1"]
[EndTime "10:29:45 PDT"]
[Termination "DanielTitichoca won by resignation"]

1. d4 Nf6 2. Bf4 g6 3. e3 Bg7 4. Nf3 O-O 5. h3 d6 6. Be2 b6 7.
a4 a6 8. O-O Bb7 9. Nc3 Nbd7 10.
Bh2 Ne4 11. Nxe4 Bxe4 12. Nd2 Bb7 13. Bf3 Qc8 14. b4 c5 15. bxc5 bxc5 16. c3 Rb8 17. Rb1 Bxf3 18. Qxf3 Qc7 19. Qe2 Qa5 20. Qc4 Nb6 21. Qb3 Qxa4 22. dxc5 Qxb3 23. Rxb3 Na4 24. Rxb8 Rxb8 25. cxd6 exd6 26. Bxd6 Rd8 27. Nc4 Nxc3 28.
g3 f5 29. Kg2 Ne4 30. Bb4 Rb8 31. Ba5 Rc8 32. Na3 Bb2 33. Nb1 Rc5 34. Bd8 a5 35. Kf3 a4 36. g4 a3 37. gxf5 gxf5 38. Nxa3 Bxa3 39. Be7 Nd2+ 40. Ke2 Nxf1 41. Bxc5 Bxc5 42. Kxf1 Kf7 43. Kg2 Ke6 44. Kf3 Ke5 45. Ke2 Ke4 46. f3+ Ke5 47. Kd3 h5 48. Ke2 h4 49. Kd3 Be7 50. Ke2 Bg5 51. Kd3 Bh6 52. Ke2 Kd6 53. Kd3 Kc5 54. Kc3 Bxe3 55. Kd3 f4 56. Ke2 Kc4 57.
Kf1 Kd3 58. Kg2 Ke2 59. Kh2 Kxf3 60. Kh1 Ke4 61. Kh2 Bc5 62. Kh1 Bd6 63. Kg2 f3+ 64.
Kf1 Bc5 0-1

[Event "*** SCC Grand Prix: Titled Tuesday Blitz"]
[Site "Chess.com"]
[Date "2020.06.02"]
[Round "3"]
[White "tsvet2005"]
[Black "Supernotar"]
[Result "1-0"]
[WhiteElo "2545"]
[BlackElo "2697"]
[TimeControl "180+1"]
[EndTime "10:29:46 PDT"]
[Termination "tsvet2005 won by checkmate"]

1. d4 d5 2. c4 dxc4 3. e3 Nf6 4.
Bxc4 e6 5. Nf3 a6 6. O-O b5 7. Be2 Bb7 8. a4 b4 9. Nbd2 Nbd7 10. a5 c5 11. Nc4 Qc7 12. b3 Be7 13. Bb2 O-O 14.
Rc1 Rad8 15. Qc2 Be4 16. Bd3 Bxd3 17. Qxd3 cxd4 18. Bxd4 Qb7 19. Qb1 h6 20. Rfd1 Nc5 21. Nfe5 Nd5 22. Qb2 Nc3 23. Bxc3 bxc3 24. Qxc3 Rxd1+ 25. Rxd1 Qxb3 26. Qxb3 Nxb3 27. Rb1 Nc5 28. Nc6 Bf6 29.
Nb6 Kh7 30. g4 Kg6 31. h3 Ne4 32. Kg2 Bc3 33. Rc1 Bf6 34. Nb4 Bc3 35. Nc6 Bf6 36.
f3 Nd6 37. f4 Nb7 38. Kf3 Bd8 39. Nd7 Re8 40. Nce5+ Kh7 41. Rc8 Nd6 42. Ra8 Bxa5 43. Rxa6 Nb7 44. Ra7 f6 45. Nc6 Rd8 46. Nxd8 Nxd8 47. Rxa5 Nc6 48. Ra6 Nd8 49. Nc5 e5 50. fxe5 fxe5 51. Ne6 Nf7 52. Nf8+ Kg8 53. Ng6 Kh7 54.
Ke4 Kg8 55. Nxe5 Nd8 56. Ra8 Kh7 57. Rxd8 h5 58. Rd7 h4 59. g5 Kh8 60. g6 Kg8 61. Rd8# 1-0

[Event "*** SCC Grand Prix: Titled Tuesday Blitz"]
[Site "Chess.com"]
[Date "2020.06.02"]
[Round "3"]
[White "HElissalt"]
[Black "MartinCerveny"]
[Result "1-0"]
[WhiteElo "2239"]
[BlackElo "2459"]
[TimeControl "180+1"]
[EndTime "10:29:46 PDT"]
[Termination "HElissalt won by resignation"]

1. d4 d6 2. e4 Nf6 3. Nc3 e5 4.
dxe5 dxe5 5. Qxd8+ Kxd8 6. f3 c6 7. Be3 Kc7 8. O-O-O Be6 9. g3 Bb4 10. Nge2 Nbd7 11. h4 b5 12. Bh3 a5 13. Bxe6 fxe6 14.
g4 Rhf8 15. a3 Be7 16. Ng3 Ne8 17. Rhf1 Bxh4 18. Nge2 Be7 19. a4 b4 20. Nb1 Nd6 21. Nd2 c5 22. b3 Kc6 23. c4 h6 24. Rh1 Rf7 25. Kc2 Raf8 26. Rh3 Nb8 27. Nc1 Nb7 28.
Nd3 Bd6 29. Rg1 Kd7 30. g5 hxg5 31. Rxg5 Nc6 32. Rh7 Nd4+ 33. Bxd4 exd4 34. Rgxg7 Nd8 35. Rxf7+ Nxf7 36. f4 Be7 37. Rxf7 Rxf7 38. Ne5+ Ke8 39. Nxf7 Kxf7 40. Kd3 Kg6 41. Ke2 Kh5 42. Kf3 Bf6 43.
e5 Be7 44. Ne4 Kg6 45. Ng3 Kh6 46. Ke4 Kg6 47. f5+ exf5+ 48. Nxf5 Bf8 49. Nh4+ Kh5 50.
Nf3 Kg4 51. Ne1 Kg3 52. Nd3 Kg4 53. e6 Be7 54. Nf4 Kg3 55. Nd5 Bg5 56. e7 Bxe7 57. Nxe7 Kf2 58. Kd3 Ke1 59. Nf5 Kd1 60. Nd6 Kc1 61.
Nb7 Kb2 62. Nxc5 Ka3 63. Kxd4 Kb2 64. Kd5 1-0

[Event "*** SCC Grand Prix: Titled Tuesday Blitz"]
[Site "Chess.com"]
[Date "2020.06.02"]
[Round "3"]
[White "Vuk2000"]
[Black "malandragem"]
[Result "0-1"]
[WhiteElo "2644"]
[BlackElo "2479"]
[TimeControl "180+1"]
[EndTime "10:29:47 PDT"]
[Termination "malandragem won on time"]

1. d4 Nf6 2. Bg5 e6 3. e4 h6 4. Bxf6 Qxf6 5. c3 d6 6. Bd3 Nc6 7. Ne2 g5 8. O-O Bd7 9. Nd2 O-O-O 10. b4 Kb8 11. a4 e5 12. d5 Ne7 13. c4 Rc8 14. c5 c6 15. cxd6 Ng6 16. Nc3 Nf4 17. dxc6 Bxc6 18. Bb5 Bxd6 19. Bxc6 Rxc6 20. Nd5 Nxd5 21.
exd5 Rcc8 22. Qb3 Qg6 23. Nc4 f5 24. a5 e4 25. a6 b6 26. Rfc1 Rh7 27. Rc2 Rhc7 28.
Rac1 Bf4 29. Ne3 Bxe3 30. fxe3 Rxc2 31. Rxc2 Rxc2 32. Qxc2 Qd6 33. Qc4 Qc7 34. Qd4 Qc1+ 35. Kf2 Qc2+ 36. Kg3 Qe2 37. Qe5+ Kc8 38. Qxf5+ Kd8 39.
Qxe4 h5 40. h3 h4+ 41. Kh2 Qf2 42. Qg4 Qe1 43. Qf5 Ke7 44. Qxg5+ Kd7 45. Qf4 Ke7 46. d6+ Kd7 47. Qe5 Qh1+ 0-1

[Event "*** SCC Grand Prix: Titled Tuesday Blitz"]
[Site "Chess.com"]
[Date "2020.06.02"]
[Round "3"]
[White "Fighter008"]
[Black "Stronger1799"]
[Result "1-0"]
[WhiteElo "2564"]
[BlackElo "2359"]
[TimeControl "180+1"]
[EndTime "10:29:47 PDT"]
[Termination "Fighter008 won on time"]

1. e4 c5 2. Nf3 e6 3. d4 cxd4 4. Nxd4 Nf6 5. Nc3 d6 6. g4 h6 7. Rg1 Nc6 8. h4 h5 9. gxh5 Nxh5 10. Bg5 Qb6 11. Nb3 a6 12. Qd2 Qc7 13. O-O-O b5 14. Kb1 Bb7 15. Be2 Rc8 16. Be3 Nf6 17. f3 Rxh4 18. Bg5 Rh8 19. a3 Ne5 20. Nd4 Nc4 21. Bxc4 Qxc4 22. Nb3 Qc7 23. Bf4 Rd8 24. Rg2 Rh3 25. Qe2 Qc4 26. Qf2 b4 27. Na5 Qc7 28. axb4 Rb8 29. Qe2 Bc8 30. Nc4 e5 31. Bg5 Rxb4 32.
Bxf6 Qxc4 33. Nd5 Qxe2 34. Rxe2 gxf6 35. Nxb4 Rxf3 36. Nd5 Rg3 37. Rf1 f5 38. exf5 Rg5 39. f6 Be6 40. Nc7+ Kd7 41. Nxe6 Kxe6 42. Re3 Rg6 43.
Ra3 Rxf6 44. Rxf6+ Kxf6 45. Rxa6 e4 46. Kc1 Ke5 47. Kd2 f5 48. c4 Kd4 49. b3 f4 50.
Ra5 e3+ 51. Ke1 f3 52. Rf5 Ke4 53. Rxf8 e2 54. b4 Kd3 55. b5 Ke3 56. b6 1-0

[Event "*** SCC Grand Prix: Titled Tuesday Blitz"]
[Site "Chess.com"]
[Date "2020.06.02"]
[Round "3"]
[White "Kapibara_Warri0r"]
[Black "Cocaino74"]
[Result "1/2-1/2"]
[WhiteElo "2136"]
[BlackElo "2327"]
[TimeControl "180+1"]
[EndTime "10:29:47 PDT"]
[Termination "Game drawn by repetition"]

1. e4 c5 2. Nf3 g6 3. c4 Bg7 4. d4 Qa5+ 5. Nc3 Nc6 6. d5 Nd4 7. Bd2 d6 8. Nxd4 cxd4 9. Nb5 Qb6 10. Qa4 Bd7 11. Ba5 Bxb5 12. cxb5 Qc5 13. Bd3 Nf6 14. O-O Qc8 15. b6+ Kf8 16. Rac1 Qd8 17.
bxa7 Rxa7 18. Bxd8 Rxa4 19. Rc8 Bh6 20. Bxe7+ Kxe7 21.
Rxh8 Rxa2 22. b3 Ng4 23. f4 Ne3 24. Rf2 Ra1+ 25. Bf1 Nd1 26. Rf3 Ne3 27. Rxh7 Bf8 28. f5 gxf5 29. exf5 Kf6 30. Kf2 Ng4+ 31. Kg3 Ne5 32. Rf2 d3 33. Rh4 Re1 34. Rd4 Re3+ 35. Kh4 Bh6 36. g4 Bg5+ 37. Kh5 b5 38. h4 Bxh4 39.
Kxh4 Nf3+ 40. Rxf3 Rxf3 41. Bxd3 Ke5 42. Re4+ Kxd5 43. Re7 Rxd3 44. Rxf7 Rxb3 45. f6 Rf3 46. Rb7 Kc6 47. Rf7 b4 48. Kg5 b3 49. Rf8 Kc7 50. Rf7+ Kc6 51. Rf8 Kc7 52. Rf7+ Kc8 53. Rf8+ Kc7 1/2-1/2

[Event "*** SCC Grand Prix: Titled Tuesday Blitz"]
[Site "Chess.com"]
[Date "2020.06.02"]
[Round "3"]
[White "Kopytkin"]
[Black "Larina_Marija"]
[Result "0-1"]
[WhiteElo "2310"]
[BlackElo "2126"]
[TimeControl "180+1"]
[EndTime "10:29:47 PDT"]
[Termination "Larina_Marija won by resignation"]

1. e4 d5 2. exd5 Qxd5 3. Nc3 Qa5 4. d4 Nf6 5. Bd2 c6 6. Bc4 Qb6 7. Nf3 Bf5 8. O-O e6 9. a3 a5 10. Re1 Be7 11. Bg5 Nbd7 12. Qd2 O-O 13. h3 h6 14.
Bh4 Rfe8 15. Bb3 Nd5 16. Bxe7 Nxe7 17. Ne4 c5 18. dxc5 Nxc5 19. Qd6 Qxd6 20. Nxd6 Red8 21. Nxf5 Nxf5 22. Bc4 Nd4 23. Nxd4 Rxd4 24. Bf1 Rd2 25. Rac1 Rad8 26. b4 axb4 27. axb4 Na4 28. c4 Rb2 29.
Rb1 Rdd2 30. Rxb2 Rxb2 31. Rd1 Rxb4 32. Rd8+ Kh7 33. Bd3+ g6 34. Rd7 Kg7 35. Rc7 b6 36. Kf1 Nc5 37. Ke2 Rb2+ 38. Ke3 Rb3 39. Rc6 Rxd3+ 40. Ke2 Rb3 41. h4 h5 42. g3 Rb4 43.
Ke3 Na4 44. Kd4 Rb2 45. Ke5 Re2+ 46. Kd6 Rxf2 47. Ke7 e5 48. Rc8 e4 49. Ra8 Nc5 50. Ra1 e3 51. Kd6 e2 52. Kc6 Rf1 0-1

[Event "*** SCC Grand Prix: Titled Tuesday Blitz"]
[Site "Chess.com"]
[Date "2020.06.02"]
[Round "3"]
[White "PlayChessSimple"]
[Black "AnthonyWirig"]
[Result "0-1"]
[WhiteElo "2525"]
[BlackElo "2703"]
[TimeControl "180+1"]
[EndTime "10:29:48 PDT"]
[Termination "AnthonyWirig won on time"]

1. e4 c5 2. Nf3 e6 3. c3 Nf6 4. e5 Nd5 5. Bc4 Nb6 6. Bb3 d5 7.
exd6 Bxd6 8. d4 Nc6 9. dxc5 Bxc5 10. Qxd8+ Kxd8 11. Nbd2 Na5 12. Bc2 Be7 13. Ne4 f6 14. Be3 Nac4 15. O-O-O+ Ke8 16. Bc5 e5 17. b3 Na5 18. Nd6+ Bxd6 19. Bxd6 Nc6 20. c4 Be6 21. c5 Nd5 22. Be4 Nc3 23. Bxc6+ bxc6 24. Rd2 Kf7 25. Re1 Bd5 26. Bc7 Rhc8 27. Ba5 Ne4 28. Rc2 g5 29. h3 h5 30. b4 g4 31. Ng1 Ng5 32. hxg4 hxg4 33. g3 Kg6 34. Ne2 a6 35.
Nc3 Bc4 36. Rd1 Re8 37. Rcd2 Re6 38. Rd6 Rae8 39. a4 Kf5 40. Rxe6 Nxe6 41. Rd6 Nd4 42. Bb6 Re6 43. Rxe6 Kxe6 44. a5 f5 45. Kd2 Nf3+ 46. Ke3 Nd4 47. Kd2 f4 48. gxf4 exf4 49. Ne4 Nf3+ 50.
Kc3 Bd5 51. Nd6 g3 52. fxg3 fxg3 53. b5 cxb5 54. c6 Bxc6 55. Kd3 Kxd6 0-1

[Event "*** SCC Grand Prix: Titled Tuesday Blitz"]
[Site "Chess.com"]
[Date "2020.06.02"]
[Round "3"]
[White "anon569"]
[Black "Arkady_Gitelson"]
[Result "1-0"]
[WhiteElo "2278"]
[BlackElo "2467"]
[TimeControl "180+1"]
[EndTime "10:29:48 PDT"]
[Termination "anon569 won by resignation"]

1. e4 c5 2. Nf3 Nc6 3. d4 cxd4 4. Nxd4 e5 5. Nb5 d6 6. N1c3 a6 7. Na3 b5 8. Nd5 Nce7 9. c4 Nxd5 10. exd5 bxc4 11. Nxc4 Nf6 12. Be3 Rb8 13. Be2 Be7 14.
O-O O-O 15. Rc1 Bb7 16. Bb6 Qd7 17. Ne3 Bd8 18. Bxd8 Rfxd8 19. Qd2 g6 20. Bf3 Qa4 21. b3 Qd4 22. Qxd4 exd4 23. Nc2 Nxd5 24. Nxd4 Nf4 25. Bxb7 Rxb7 26. Rc6 Rb4 27. Nc2 Re4 28. Rxa6 d5 29.
g3 Ne2+ 30. Kg2 d4 31. Rd1 d3 32. Ne3 d2 33. Rc6 Rd3 34. Rc2 Red4 35. Nc4 Nc3 36. Rdxd2 Rxd2 37. Nxd2 Nd5 38. Nc4 Nb4 39. Re2 Rd1 40. a3 Nd3 41. b4 Ne1+ 42. Kh3 Nf3 43. Kg4 Nd4 44. Re8+ Kg7 45. Rd8 f5+ 46. Kh3 g5 47.
Ne3 g4+ 48. Kg2 Rd2 49. Rxd4 Rxd4 50. Nxf5+ 1-0

[Event "*** SCC Grand Prix: Titled Tuesday Blitz"]
[Site "Chess.com"]
[Date "2020.06.02"]
[Round "3"]
[White "Igor_Lysyj"]
[Black "1977Ivan"]
[Result "1-0"]
[WhiteElo "2784"]
[BlackElo "2597"]
[TimeControl "180+1"]
[EndTime "10:29:49 PDT"]
[Termination "Igor_Lysyj won by checkmate"]

1. d4 Nf6 2. c4 e6 3. Nf3 c5 4. d5 d6 5. Nc3 g6 6. e4 Bg7 7. Be2 O-O 8. O-O Re8 9. h3 exd5 10. exd5 Bf5 11. Re1 Ne4 12. Nxe4 Bxe4 13. Bg5 f6 14. Bf4 Nd7 15. Nd2 f5 16. f3 Qh4 17.
Bxd6 Bd4+ 18. Kh1 g5 19. fxe4 g4 20. Bxg4 fxg4 21. Qxg4+ Qxg4 22. hxg4 Nf6 23. e5 Nxg4 24.
e6 b5 25. Nf3 bxc4 26. Nxd4 cxd4 27. Bg3 Ne3 28. Rxe3 dxe3 29. Bh4 Rac8 30. Re1 Rc5 31.
d6 Rh5 32. d7 Rxh4+ 33. Kg1 Kf8 34. dxe8=Q+ Kxe8 35.
Rxe3 Ke7 36. Kf2 Rd4 37. Re2 Rd6 38. Rc2 Rc6 39. Ke3 Kxe6 40. Kd4 Kf5 41. Rxc4 Rxc4+ 42.
Kxc4 Kg4 43. b4 Kg3 44. a4 Kxg2 45. b5 h5 46. a5 h4 47. b6 axb6 48. a6 h3 49. a7 h2 50. a8=Q+ Kg1 51. Qg8+ Kf2 52. Qf7+ Kg2 53. Qg6+ Kf2 54. Qf5+ Kg2 55. Qg4+ Kf2 56.
Qh3 Kg1 57. Qg3+ Kh1 58. Kd3 b5 59. Ke2 b4 60. Kf2 b3 61. Qg2# 1-0

[Event "*** SCC Grand Prix: Titled Tuesday Blitz"]
[Site "Chess.com"]
[Date "2020.06.02"]
[Round "3"]
[White "novocane"]
[Black "Alohamora11"]
[Result "0-1"]
[WhiteElo "2162"]
[BlackElo "2406"]
[TimeControl "180+1"]
[EndTime "10:29:49 PDT"]
[Termination "Alohamora11 won by resignation"]

1. d4 Nf6 2. c4 c5 3. d5 e6 4. Nc3 exd5 5. cxd5 d6 6. e4 g6 7. f3 Bg7 8. Bg5 O-O 9. Qd2 b6 10. Be2 Ba6 11. Nh3 Re8 12. Nf2 Bxe2 13. Qxe2 h6 14. Be3 a6 15. a4 Nbd7 16. O-O Qc7 17. Rad1 Reb8 18. f4 b5 19. e5 dxe5 20. d6 Qc6 21.
fxe5 Nxe5 22. Bxh6 Bxh6 23. Qxe5 Bg7 24. Qf4 Rb7 25. Nfe4 Nxe4 26. Nxe4 Rd8 27. Nf6+ Bxf6 28. Qxf6 Rbd7 29. axb5 axb5 30. Rd3 Qe4 31. Rh3 Qd4+ 32. Qxd4 cxd4 33. Rd3 Rxd6 34. Rfd1 f5 35. b4 Kf7 36. g3 Kf6 37. Kf2 Rd5 38. Rc1 Ra8 39. Rc6+ Ke5 40. Rxg6 Ra2+ 41. Kf3 Rxh2 42. Rg8 Rb2 43.
Re8+ Kf6 44. Rf8+ Kg7 45. Re8 Rxb4 46. Ra3 d3 47. Ra6 Re4 48. Rb8 Re7 49. Ra1 d2 50.
Rd1 Re1 51. Rb7+ Kf8 0-1

[Event "*** SCC Grand Prix: Titled Tuesday Blitz"]
[Site "Chess.com"]
[Date "2020.06.02"]
[Round "3"]
[White "Vaathi_Coming"]
[Black "xamax2000"]
[Result "1-0"]
[WhiteElo "2870"]
[BlackElo "2640"]
[TimeControl "180+1"]
[EndTime "10:29:50 PDT"]
[Termination "Vaathi_Coming won on time"]

1. Nf3 d5 2. d4 e6 3. Bf4 c5 4.
e3 Nf6 5. Nbd2 Bd6 6. Bg3 Qc7 7. dxc5 Qxc5 8. c4 O-O 9. Rc1 Bxg3 10. hxg3 Nc6 11. Bd3 h6 12. a3 dxc4 13. Rxc4 Qd5 14. Qc2 Rd8 15. Ke2 Bd7 16. g4 Rac8 17. g5 hxg5 18.
Rc5 Qd6 19. b4 b6 20. Nxg5 bxc5 21. Rh8+ Kxh8 22. Nxf7+ Kg8 23. Nxd6 cxb4 24. Nxc8 Rxc8 25. Qb2 Nd5 26. axb4 Ncxb4 27. Bc4 a5 28. Bxd5 exd5 29. Kf3 Rf8+ 30. Kg3 Rxf2 31. Qd4 Rf5 32. Nb3 Nc6 33.
Qb6 a4 34. Nc5 Rg5+ 35. Kf2 Rf5+ 36. Ke1 Be8 37. Nxa4 Re5 38. Kd2 Rg5 39. Nc3 Rxg2+ 40. Ke1 Rg1+ 41. Kf2 Rg5 42. Qc7 Rf5+ 43. Ke1 Rf6 44.
Nxd5 Re6 45. Kf2 Bf7 46. Qc8+ Kh7 47. Qd7 Kg8 48. Qc8+ Kh7 49. Nf4 Rf6 50. Qh3+ Kg8 51. Ke1 Rd6 52. Qf5 1-0

[Event "*** SCC Grand Prix: Titled Tuesday Blitz"]
[Site "Chess.com"]
[Date "2020.06.02"]
[Round "3"]
[White "Msb2"]
[Black "DeGrootteZ"]
[Result "1-0"]
[WhiteElo "2824"]
[BlackElo "2622"]
[TimeControl "180+1"]
[EndTime "10:29:50 PDT"]
[Termination "Msb2 won by resignation"]

1. d4 d5 2. c4 e6 3. Nc3 Nf6 4. cxd5 exd5 5. Bg5 c6 6. e3 Bd6 7. Bd3 O-O 8. Nge2 Re8 9. Qc2 h6 10. Bf4 Bf8 11. h3 a5 12. O-O Na6 13. a3 Nc7 14.
Rae1 Ne6 15. Bh2 Ng5 16. Kh1 Bd7 17. Ng1 Rc8 18. f3 c5 19. dxc5 Bxc5 20. Qd2 Qb6 21. Nd1 Rcd8 22. h4 Ne6 23. Ne2 Bc6 24. Ng3 Ne4 25. Qc1 Nxg3+ 26. Bxg3 Ba4 27. Nc3 Bc6 28. Nd1 Ba4 29. Nf2 Bd6 30. Bh2 Nc5 31. Qc3 Bxh2 32. Kxh2 Nxd3 33. Nxd3 Rxe3 34. Rxe3 Qxe3 35.
Qxa5 Rc8 36. Qxa4 Qxd3 37. Rd1 Qc2 38. Qd4 Rc6 39. Rd2 Qb3 40. Qxd5 Qxd5 41. Rxd5 Rb6 42.
b4 Ra6 43. Rd3 Kf8 44. Kg3 Ke7 45. Kf4 Ke6 46. Ke4 Rc6 47. Kd4 Rc2 48. g4 g6 49. Rc3 Rh2 50. Kc5 Kd7 51. Kb6 Rxh4 52.
Kxb7 Rh2 53. b5 h5 54. gxh5 gxh5 55. Rd3+ Ke6 56. b6 h4 57. a4 h3 58. f4 Ra2 59.
Rxh3 Rxa4 60. Rh6+ Kf5 61. Rh5+ Kxf4 62. Rh4+ 1-0

[Event "*** SCC Grand Prix: Titled Tuesday Blitz"]
[Site "Chess.com"]
[Date "2020.06.02"]
[Round "3"]
[White "MightyGMpretender"]
[Black "Radzio1987"]
[Result "1-0"]
[WhiteElo "2591"]
[BlackElo "2894"]
[TimeControl "180+1"]
[EndTime "10:29:50 PDT"]
[Termination "MightyGMpretender won by resignation"]

1. Nf3 d5 2. d4 Bf5 3. Bf4 e6 4. e3 Nf6 5. Bd3 Bxd3 6. cxd3 Bd6 7. Bxd6 Qxd6 8. O-O O-O 9. Nc3 Nbd7 10. Qc2 c6 11. b4 a6 12. Na4 b6 13. Rab1 Rfc8 14. Rfc1 h6 15. Qb2 Rab8 16. Rc3 Rc7 17. Rbc1 Rbc8 18. a3 b5 19. Nc5 Nxc5 20. Rxc5 Nd7 21. R5c3 f6 22.
Nd2 Nb6 23. R3c2 e5 24. Nb3 Na4 25. Qa1 Re7 26. Nc5 Nxc5 27. Rxc5 Rec7 28. a4 Kh7 29. g3 Qe6 30. R1c2 h5 31. h4 Qf5 32. Qc3 bxa4 33. Ra2 Rb7 34. Kg2 e4 35. dxe4 Qxe4+ 36. Kh2 Rb6 37. Rxa4 g5 38. Qc2 Qxc2 39. Rxc2 gxh4 40.
gxh4 Kg6 41. Rca2 Ra8 42. Kg3 Kf5 43. Kf3 Ke6 44. Kf4 Rg8 45. Rxa6 Rg4+ 46. Kf3 Rxa6 47.
Rxa6 Kd7 48. b5 cxb5 49. Rxf6 Rxh4 50. Rb6 Rg4 51. Rxb5 Kc6 52. Rb8 Rg7 53. Rh8 Rf7+ 54. Kg3 Rf5 55. f3 Kb5 56. Rc8 Kb4 57. Rc5 Kb3 58.
e4 Rg5+ 59. Kh4 1-0

[Event "*** SCC Grand Prix: Titled Tuesday Blitz"]
[Site "Chess.com"]
[Date "2020.06.02"]
[Round "3"]
[White "Jeffinho023"]
[Black "dolynachess"]
[Result "1-0"]
[WhiteElo "2575"]
[BlackElo "2373"]
[TimeControl "180+1"]
[EndTime "10:29:50 PDT"]
[Termination "Jeffinho023 won on time"]

1. d4 Nf6 2. Nf3 e6 3. Bf4 Bd6 4. e3 Bxf4 5. exf4 O-O 6. c3 b6 7.
Nbd2 Bb7 8. Bd3 g6 9. O-O c5 10.
dxc5 bxc5 11. Qe2 d6 12. Rfd1 Qc7 13. Ne4 Nbd7 14. Rd2 Nxe4 15. Bxe4 Bxe4 16. Qxe4 Nf6 17.
Qe2 a5 18. c4 a4 19. g3 Rab8 20. Rad1 Rfd8 21. Ng5 Rb4 22. a3 Rb3 23. Rd3 Rxd3 24. Rxd3 Qb7 25. Rd2 h6 26. Nf3 Qe4 27. Qxe4 Nxe4 28.
Re2 f5 29. Nd2 Nxd2 30. Rxd2 Kf7 31. Kf1 Ke7 32. Ke2 Rb8 33. Kd1 g5 34. fxg5 hxg5 35. f3 Rb3 36. Ke2 e5 37. Kf2 Ke6 38. h3 e4 39.
fxe4 fxe4 40. Kg2 Ke5 41. Rd5+ Ke6 42. Rxg5 Rxb2+ 43. Kf1 Ra2 44. h4 Rxa3 45. h5 Ra1+ 46. Ke2 Rh1 47. Rg6+ Ke5 48. Rg5+ Kd4 49. Rd5+ Kxc4 50.
Rxd6 Rxh5 51. Ke3 Rg5 52. Kf4 Rg8 53. g4 e3 54. Re6 a3 55. Rxe3 a2 56. Ra3 Rf8+ 57. Kg3 1-0

[Event "*** SCC Grand Prix: Titled Tuesday Blitz"]
[Site "Chess.com"]
[Date "2020.06.02"]
[Round "3"]
[White "vinniethepooh"]
[Black "mishanick"]
[Result "0-1"]
[WhiteElo "2580"]
[BlackElo "2951"]
[TimeControl "180+1"]
[EndTime "10:29:51 PDT"]
[Termination "mishanick won by resignation"]

1. d4 Nf6 2. c4 e6 3. Nc3 Bb4 4. e3 O-O 5. Bd3 c5 6. Nf3 cxd4 7. exd4 d5 8. O-O dxc4 9. Bxc4 Nc6 10. Bg5 b6 11.
Qe2 Nxd4 12. Nxd4 Qxd4 13. Rad1 Qg4 14. Bxf6 Qxe2 15. Bxe2 gxf6 16. Bf3 Rb8 17. Ne4 f5 18. Nf6+ Kg7 19. Nd7 Bxd7 20. Rxd7 a5 21. a3 Bc5 22.
Rfd1 Kg6 23. g3 Rbc8 24. Kg2 e5 25. Bb7 Rb8 26. Bd5 Bd4 27. b4 axb4 28. axb4 Rbc8 29. Rd2 f6 30. b5 Rfd8 31. Bf7+ Kg7 32. Rb7 Rb8 33.
Rc7 Rbc8 34. Rb7 Rc5 35. Be6+ Kg6 36. Bf7+ Kh6 37. Be6 e4 38. h4 Re5 39. Rxd4 Rxd4 40. Bg8 Rd8 41. Rxh7+ Kg6 42. h5+ Kg5 43. Bf7 Re7 44. Rg7+ Kh6 45. Rg6+ Kh7 46. Bc4 Rf8 47. Bd5 Rg7 48. Rxg7+ Kxg7 49. Kf1 Re8 50. Ke2 Re5 51.
Bc6 Kh6 52. Ke3 Kxh5 53. Kf4 Kg6 54. Be8+ Rxe8 0-1

[Event "*** SCC Grand Prix: Titled Tuesday Blitz"]
[Site "Chess.com"]
[Date "2020.06.02"]
[Round "3"]
[White "Khazieva_Elza"]
[Black "LisikValera"]
[Result "0-1"]
[WhiteElo "2257"]
[BlackElo "2497"]
[TimeControl "180+1"]
[EndTime "10:29:51 PDT"]
[Termination "LisikValera won on time"]

1. e4 e6 2. d3 d5 3. Nd2 Nf6 4. Ngf3 Nc6 5. g3 Bc5 6. Bg2 dxe4 7. dxe4 e5 8. O-O O-O 9. Qe2 a5 10. Nb3 Bd6 11. Rd1 b6 12. Nh4 Bg4 13. Bf3 Qc8 14. Nf5 Bxf3 15. Qxf3 Qe6 16. c3 Ne7 17. Bg5 Rfd8 18.
Nd2 b5 19. Nf1 Bc5 20. Nxe7+ Bxe7 21. Ne3 Ne8 22. Bxe7 Qxe7 23. h4 Rxd1+ 24. Rxd1 Rd8 25. Nd5 Qe6 26. Kg2 Rd6 27. Qe2 Qd7 28. Ne3 Rxd1 29.
Nxd1 Nd6 30. Qd3 Qc6 31. f3 Qc4 32. Qxc4 Nxc4 33. Kf2 f6 34. Ke2 c6 35. b3 Nd6 36.
Nb2 Kf7 37. Kd3 Ke6 38. a4 Nb7 39. axb5 cxb5 40. c4 Nc5+ 41. Kc3 b4+ 42. Kc2 g6 43. Nd3 Nd7 44. Nb2 Nc5 45. Nd3 Nd7 46. Nb2 Nb8 47. Na4 Nc6 48. Nc5+ Kd6 49. Nb7+ Kc7 50. Nc5 Nd4+ 51. Kb2 Nxf3 52. Ne6+ Kd6 53. Nf8 Ke7 54. Nxh7 Kf7 55. h5 gxh5 56. c5 Nd4 0-1

[Event "*** SCC Grand Prix: Titled Tuesday Blitz"]
[Site "Chess.com"]
[Date "2020.06.02"]
[Round "3"]
[White "kingmonkey2006"]
[Black "krasavetc"]
[Result "1-0"]
[WhiteElo "2495"]
[BlackElo "2255"]
[TimeControl "180+1"]
[EndTime "10:29:51 PDT"]
[Termination "kingmonkey2006 won by resignation"]

1. e4 e6 2. d4 d5 3. Nd2 Nf6 4. e5 Nfd7 5. Bd3 c5 6. c3 Nc6 7. Ne2 b6 8. O-O Bb7 9. f4 Qc7 10. Nf3 g6 11. Be3 O-O-O 12. Ng5 Ndb8 13. b3 h6 14. Nf3 Nd7 15. Rc1 Kb8 16. Qe1 Be7 17. Qf2 Rhg8 18. Rfd1 g5 19. f5 g4 20. Ne1 Bg5 21. Nf4 Nf8 22. a3 Bc8 23. f6 Bb7 24. g3 Nd7 25. Neg2 c4 26. bxc4 dxc4 27. Bxc4 Ncxe5 28. Be2 Nf3+ 29. Kh1 Nxf6 30. Bd3 e5 31. dxe5 Ne4 32. Bxe4 Bxe4 33. Qe2 Nxe5 34. Bd4 f5 35. Ne6 Qd6 36. Nxg5 hxg5 37. c4 Rh8 38. Qb2 Rxh2+ 39. Kxh2 Nf3+ 40. Kh1 Qxg3 41. Be5+ Nxe5 42. Rxd8+ Kb7 43.
Rh8 Nd3 44. Rh7+ Kc6 45. Qb5+ Kd6 46. Qd7+ Ke5 47. Qc7+ Kd4 48. Qxg3 Nxc1 49. Qe3+ Ke5 50. Qxc1 f4 51. Qc3+ Kf5 52. Rf7+ 1-0